 Dungeon Crawl Stone Soup version 0.30-a0-808-g6e0788376e (webtiles) character file.

Game seed: 2388239875222116614

13 Farfigtubin the Sneak (level 2, -6/17 HPs)
             Began as a Kobold Brigand on Feb 26, 2023.
             Mangled by an orc
             ... wielding a +0 trident
              (9 damage)
             ... on level 3 of the Dungeon.
             The game lasted 00:04:39 (350 turns).

Farfigtubin the Sneak (Kobold Brigand)               Turns: 350, Time: 00:04:40

Health: -6/17      AC:  3    Str:  8    XL:     2   Next: 50%
Magic:  2/2        EV: 14    Int: 12    God:
Gold:   40         SH:  0    Dex: 16    Spells: 1/1 levels left

rFire   . . .      SeeInvis .    a - +2 dagger
rCold   . . .      Faith    .    (no shield)
rNeg    . . .      Spirit   .    g - +0 robe
rPois   .          Reflect  .    (no helmet)
rElec   .          Harm     .    c - +0 cloak
rCorr   .          Rampage  .    (no gloves)
Will    .....                    (no boots)
Stlth   ++++                     (no amulet)
HPRegen 0.22/turn                (no ring)
MPRegen 0.08/turn                (no ring)

@: no status effects
A: small, no large weapons, nightstalker 3
a: no special abilities


You were on level 3 of the Dungeon.
You visited 1 branch of the dungeon, and saw 3 of its levels.

You collected 40 gold pieces.

Inventory:

Hand Weapons
 a - a +2 dagger (weapon)
 b - the +2 sling "Zudes" {speed, Str+4}
   (You found it on level 2 of the Dungeon)

   Str:       It affects your strength (+4).
Missiles
 d - 9 poisoned darts (quivered)
 e - 2 curare-tipped darts
Armour
 c - a +0 cloak (worn)
 g - a +0 robe (worn)
Scrolls
 f - a scroll of identify {unknown}
 h - a scroll of magic mapping {unknown}


   Skills:
 - Level 2.1 Fighting
 * Level 3.4 Short Blades
 + Level 0.1 Ranged Weapons
 - Level 2.1 Throwing
 + Level 1.7 Dodging
 + Level 5.5 Stealth


You had one spell level left.
You didn't know any spells.
Your spell library contained the following spells:

 Spells                   Type           Power      Damage    Failure   Level
 Ignite Poison            Fire/Tmut/Pois 0%         N/A       69%         3
 Kindle Blastsparks       Fire/Tloc/Air  0%         2d10      69%         3
 Freezing Cloud           Conj/Ice/Air   0%         6-21      100%        5


Dungeon Overview and Level Annotations

Branches:
Dungeon (3/15)

Altars:

Portals:
Sewer: D:3


Innate Abilities, Weirdness & Mutations

You are small and have problems with some larger weapons.
You are completely attuned to the shadows.


Message History

Found a scroll labelled RUGRUI VORICK.
h - a scroll labelled RUGRUI VORICK
Found 12 gold pieces.
You hear the slow rusting of a drain nearby.
Found a stone staircase leading down.
You now have 40 gold pieces (gained 12).
Found a Trismegistus Codex.
You pick up a Trismegistus Codex and begin reading...
You add the spells Kindle Blastsparks, Ignite Poison and Freezing Cloud to your library.
An endoplasm comes into view.
You hear the slow rusting of a drain nearby.
A worm comes into view.
A river rat, a rat and an orc come into view.
Found a glowing drain.
The helpless worm fails to defend itself.
You impale the worm!!
You kill the worm!
A river rat comes into view.
Found a black potion.
You hit the orc but do no damage. The orc barely misses you.
The orc attacks as you move away! The orc misses you.
The rat bites you but does no damage. The orc hits you but does no damage.
The river rat attacks as you move away! The river rat bites you!
Ouch! That really hurt!
The river rat attacks as you move away! The river rat closely misses you.
The river rat attacks as you move away! The river rat bites you!
* * * LOW HITPOINT WARNING * * *
Throw: 3 darts (curare)
Press: ? - help, Shift-Dir - straight line, f - river rat
Aim: a river rat (58% to hit)
You throw a curare-tipped dart.
The curare-tipped dart barely misses the river rat.
The curare-tipped dart closely misses the orc.
The curare-tipped dart hits the river rat.
The river rat is poisoned.
The river rat convulses.
You kill the river rat!
The river rat barely misses you.
The orc hits you from afar with a +0 trident!
Ouch! That really hurt!
You die...

#.#.#..#.####.#
#.#.#.......#.#
#.#.##.#.##.#.#
#.#....#... #.#
#.###########.##
#..............#
#.##############
#.# #@# #r#
####### #o#
!.....# #.#
......###r#
~~~..r....#
~~~~.r###.#
~∩~~..# #.#
~~~~..# #.#


You could see a river rat, an orc and a rat.

Vanquished Creatures
  A river rat (D:3)
  A worm (D:3)
  An endoplasm (D:1)
  A giant cockroach (D:1)
  A goblin (D:2)
  A hobgoblin (D:1)
  2 ball pythons (D:2)
  2 bats
  A rat (D:1)
11 creatures vanquished.

Notes
Turn   | Place    | Note
-------+----------+-------------------------------------------
     0 | D:1      | Farfigtubin the Kobold Brigand began the quest for the Orb.
     0 | D:1      | Reached XP level 1. HP: 12/12 MP: 1/1
   112 | D:2      | Identified the +2 sling "Zudes" {speed, Str+4}
   118 | D:2      | Reached XP level 2. HP: 14/17 MP: 2/2
   337 | D:3      | Found a glowing drain.
   350 | D:3      | Mangled by an orc

Illustrated notes

Levels and vault maps discovered:
D:1:      onia_arrival_handbag, layout_loops_ring, minmay_close_crescents
D:2:      layout_basic, serial_shops, nicolae_shop_stone, st_stairs_5
D:3:      layout_basic, lemuel_coloured_pillars_altar, lemuel_round_altar,
          portal_sewer_entry_a, hangedman_abyss_or_decor_stabs,
          solitary_fountain, uniq_grinder

Skill      XL: |  1 |
---------------+----+-----
Short Blades   | 3 |  3.4
Fighting       | |  2.1
Ranged Weapons | |  0.1
Throwing       | |  2.1
Dodging        | |  1.7
Stealth        | |  5.5

Action                     || total
---------------------------++-------
  Melee: Dagger            ||    23
  Throw: Dart              ||     1
   Stab: Sleeping          ||     3
 Armour: Robe              ||     6
  Dodge: Dodged            ||    14

Table legend: (Time is in decaauts)
 A = Elapsed time spent in this place.
 B = Non-inter-level travel time spent in this place.
 C = Inter-level travel time spent in this place.
 D = Time resting spent in this place.
 E = Time spent auto-exploring this place.
 F = Levels seen in this place.
 G = Mean time per level.
                   A        B        C        D        E       F      G
               +--------+--------+--------+--------+--------+-----+--------+
         Total |    345 |    306 |     39 |     30 |      0 |   3 |  115.0 |
       Dungeon |    345 |    306 |     39 |     30 |      0 |   3 |  115.0 |
               +--------+--------+--------+--------+--------+-----+--------+

Top non-repeatable levels by time:
     D:3: 145 daAuts
     D:2: 108 daAuts
     D:1: 91 daAuts
